 Dungeon Crawl Stone Soup version 0.28.0-53-g5a82cb258f (webtiles) character file.

Game seed: 15039561686005109238

70 jamesp the Grasshopper (level 4, -2/38 HPs)
             Began as a Gnoll Warper on Aug 17, 2022.
             Slain by an orc wizard
             ... wielding a +0 dagger
              (4 damage)
             ... on level 3 of the Dungeon.
             The game lasted 00:06:37 (2550 turns).

jamesp the Grasshopper (Gnoll Warper)               Turns: 2550, Time: 00:06:37

Health: -2/38      AC:  3    Str: 10    XL:     4   Next: 22%
Magic:  9/11       EV: 12    Int: 15    God:
Gold:   45         SH:  0    Dex: 11    Spells: 12/13 levels left

rFire   . . .      SeeInvis .   p - staff of conjuration
rCold   . . .      Faith    .   (no shield)
rNeg    . . .      Spirit   .   b - +0 leather armour
rPois   +          Reflect  .   (helmet restricted)
rElec   .          Harm     .   (no cloak)
rCorr   .          Rampage  .   (no gloves)
Will    .....                   (no boots)
Stlth   +.........              (no amulet)
HPRegen 0.12/turn               h - ring of poison resistance
MPRegen 0.12/turn               (no ring)

@: no status effects
A: fangs 1, strong nose, distributed training, antennae 1, evolution 1
a: no special abilities


You were on level 3 of the Dungeon.
You visited 1 branch of the dungeon, and saw 3 of its levels.

You collected 45 gold pieces.

Inventory:

Hand Weapons
 a - a +0 spear
Missiles
 d - 5 boomerangs of dispersal
 e - 5 atropa-tipped darts
 n - 2 stones
Armour
 b - a +0 leather armour (worn)
Magical Staves
 p - a staff of conjuration (weapon)
Jewellery
 h - a ring of poison resistance (left hand)
Scrolls
 c - 2 scrolls of blinking
 f - a scroll of noise {unknown}
 i - a scroll of brand weapon {unknown}
 j - a scroll of teleportation {unknown}
 o - a scroll of summoning {unknown}
Potions
 k - a potion of degeneration {unknown}
 l - a potion of magic {unknown}
 m - a potion of brilliance {unknown}


   Skills:
 + Level 4.6 Fighting
 + Level 1.0 Short Blades
 + Level 1.0 Long Blades
 + Level 1.0 Axes
 + Level 1.0 Maces & Flails
 + Level 4.6 Polearms
 + Level 1.0 Staves
 + Level 1.0 Slings
 + Level 1.0 Bows
 + Level 1.0 Crossbows
 + Level 2.7 Throwing
 + Level 2.7 Armour
 + Level 4.6 Dodging
 + Level 1.0 Stealth
 + Level 1.0 Shields
 + Level 1.0 Unarmed Combat
 + Level 5.0 Spellcasting
 + Level 0.8 Conjurations
 + Level 0.8 Hexes
 + Level 0.8 Summonings
 + Level 0.8 Necromancy
 + Level 5.4 Translocations
 + Level 0.8 Transmutations
 + Level 0.8 Fire Magic
 + Level 0.8 Ice Magic
 + Level 0.8 Air Magic
 + Level 0.8 Earth Magic
 + Level 0.8 Poison Magic
 + Level 1.1 Invocations
 + Level 1.0 Evocations


You had 12 spell levels left.
You knew the following spells:

 Your Spells              Type           Power      Damage    Failure   Level
a - Magic Dart            Conj           36%        1d4       16%         1

Your spell library contained the following spells:

 Spells                   Type           Power      Damage    Failure   Level
 Apportation              Tloc           40%        N/A       2%          1
 Blink                    Tloc           40%        N/A       3%          2
 Gell's Gravitas          Tloc           20%        N/A       7%          3
 Lesser Beckoning         Tloc           20%        N/A       7%          3
 Teleport Other           Tloc           20%        N/A       7%          3
 Animate Skeleton         Necr           12%        N/A       16%         1
 Summon Small Mammal      Summ           24%        N/A       16%         1
 Searing Ray              Conj           18%        2d5       22%         2
 Manifold Assault         Tloc           20%        N/A       54%         5
 Fulminant Prism          Conj/Hex       4%         3d6       83%         4


Dungeon Overview and Level Annotations

Branches:
Dungeon (3/15)

Altars:
Elyvilon

Annotations:
D:1 1 runed translucent door


Innate Abilities, Weirdness & Mutations

You have very sharp teeth.
Your uncanny sense of smell can sniff out nearby items.
Your experience applies equally to all skills.
You have a pair of small antennae on your head.
You have hidden genetic potential.


Message History

You feel a surge of power!
The magic dart hits something but does no damage.
Aiming: Magic Dart (safe; 16% risk of failure)
Press: ? - help, Q - select action, (/) - cycle Shift-Dir - straight line, f/p - orc
Aim: an orc, wielding a +0 short sword and wearing a +0 leather armour (100% to hit)
You feel a surge of power!
You miscast Magic Dart.
You are very lightly contaminated with residual magic.
Nothing appears to happen.
Aiming: Magic Dart (safe; 16% risk of failure)
Press: ? - help, Q - select action, (/) - cycle Shift-Dir - straight line, f/p - orc
Aim: an orc, wielding a +0 short sword and wearing a +0 leather armour (100% to hit)
You feel a surge of power!
The magic dart hits something but does no damage.
The orc barely misses you. Something hits you.
You hit the orc.
The orc is moderately wounded.
The orc hits you with a +0 short sword. Something hits you.
You closely miss the orc. Your bite misses the orc.
The orc is moderately wounded.
The orc hits you with a +0 short sword. Something hits you.
You barely miss the orc.
The orc is moderately wounded.
The orc hits you with a +0 short sword. Something hits you.
* * * LOW HITPOINT WARNING * * *
You barely miss the orc.
The orc is moderately wounded.
The orc misses you. Something hits you.
* * * LOW HITPOINT WARNING * * *
The orc hits you with a +0 short sword.
* * * LOW HITPOINT WARNING * * *
Your magical contamination has completely faded away.
Something hits you.
* * * LOW HITPOINT WARNING * * *
There is an open door here.
There is a stone staircase leading up here.
It was a potion of mutation.
You feel extremely strange. A pair of antennae grows on your head!
You feel a hidden potential growing inside you.
Something hits you.
You die...

..∆ . . #####.
###....######
.......##..)##
#.8.'..8{@#
#...##.o.##
###.######
.$.....#'.##
#.##.###...# #
#.8.# #...#∆
##<## ###


You could see an orc.

Vanquished Creatures
  3 adders (D:2)
  2 orcs (D:2)
  3 endoplasms
  2 giant cockroaches (D:1)
  7 goblins
  6 hobgoblins
  2 kobolds (D:1)
  4 quokkas
  A ball python (D:1)
  3 bats
  A frilled lizard (D:2)
  A rat (D:1)
35 creatures vanquished.

Notes
Turn   | Place    | Note
-------+----------+-------------------------------------------
     0 | D:1      | jamesp the Gnoll Warper began the quest for the Orb.
     0 | D:1      | Reached XP level 1. HP: 20/20 MP: 6/6
     1 | D:1      | Found a runed translucent door.
     3 | D:1      | Noticed a jelly
   327 | D:1      | Reached XP level 2. HP: 26/26 MP: 7/7
   801 | D:1      | Found a faded altar of an unknown god.
  1204 | D:2      | Reached XP level 3. HP: 31/31 MP: 9/9
  1207 | D:2      | Reached skill level 5 in Spellcasting
  1214 | D:2      | Found a white marble altar of Elyvilon.
  1225 | D:2      | Reached skill level 1 in Invocations
  1534 | D:2      | Reached skill level 1 in Short Blades
  1534 | D:2      | Reached skill level 1 in Long Blades
  1534 | D:2      | Reached skill level 1 in Axes
  1534 | D:2      | Reached skill level 1 in Maces & Flails
  1534 | D:2      | Reached skill level 1 in Staves
  1534 | D:2      | Reached skill level 1 in Slings
  1534 | D:2      | Reached skill level 1 in Bows
  1534 | D:2      | Reached skill level 1 in Crossbows
  1534 | D:2      | Reached skill level 1 in Stealth
  1534 | D:2      | Reached skill level 1 in Shields
  1534 | D:2      | Reached skill level 1 in Unarmed Combat
  1534 | D:2      | Reached skill level 1 in Evocations
  1534 | D:2      | Reached XP level 4. HP: 34/38 MP: 11/11
  1919 | D:2      | Learned a level 1 spell: Magic Dart
  2543 | D:3      | HP: 1/38 [something (3)]
  2550 | D:3      | Gained mutation: You have a pair of small antennae on your
                  | head. [potion of mutation]
  2550 | D:3      | Gained mutation: You have hidden genetic potential. [potion
                  | of mutation]
  2550 | D:3      | Slain by an orc wizard

Illustrated notes

Levels and vault maps discovered:
D:1:      dpeg_arrival_caged_fury, layout_loops_corners,
          shapermc_ecumenical_altar_mp_vishouse, minivault_14
D:2:      layout_rooms, basic_altar
D:3:      layout_rooms, grunt_ministairs_4, uniq_natasha

Skill      XL: |  1  2  3 |
---------------+----------+-----
Spellcasting   | 5 |  5.0
Invocations    | 1 |  1.1
Short Blades   | 1 |  1.0
Long Blades    | 1 |  1.0
Axes           | 1 |  1.0
Maces & Flails | 1 |  1.0
Staves         | 1 |  1.0
Slings         | 1 |  1.0
Bows           | 1 |  1.0
Crossbows      | 1 |  1.0
Stealth        | 1 |  1.0
Shields        | 1 |  1.0
Unarmed Combat | 1 |  1.0
Evocations     | 1 |  1.0
Fighting       | |  4.6
Polearms       | |  4.6
Throwing       | |  2.7
Armour         | |  2.7
Dodging        | |  4.6
Conjurations   | |  0.8
Hexes          | |  0.8
Summonings     | |  0.8
Necromancy     | |  0.8
Translocations | |  5.4
Transmutations | |  0.8
Fire Magic     | |  0.8
Ice Magic      | |  0.8
Air Magic      | |  0.8
Earth Magic    | |  0.8
Poison Magic   | |  0.8

Action                   |  1- 3 |  4- 6 || total
-------------------------+-------+-------++-------
Melee: Spear             |   125 |    20 ||   145
       Bite              |     4 |     2 ||     6
       Punch             |     2 |       ||     2
       Staff             |       |    32 ||    32
Throw: Stone             |     2 |     2 ||     4
 Cast: Magic Dart        |       |    10 ||    10
  Use: Potion            |       |     1 ||     1
 Stab: Sleeping          |     3 |     1 ||     4
Armor: Leather armour    |    28 |     4 ||    32
Dodge: Dodged            |    61 |    30 ||    91
